 Dungeon Crawl Stone Soup version 0.30-a0-629-gd54f4be4f7 (webtiles) character file.

Game seed: 4920014342595640721

39 bmack86 the Trooper (level 3, 0/33 HPs)
             Began as a Minotaur Fighter on Jan 13, 2023.
             Slain by Sigmund
             ... wielding a +2 scythe of venom
              (7 damage)
             ... on level 2 of the Dungeon.
             The game lasted 00:02:56 (1020 turns).

bmack86 the Trooper (Minotaur Fighter)              Turns: 1020, Time: 00:02:56

Health: 0/33       AC:  7    Str: 22    XL:     3   Next: 28%
Magic:  2/2        EV:  9    Int:  5    God:
Gold:   67         SH:  4    Dex:  9    Spells: 2/2 levels left

rFire   . . .      SeeInvis .    a - +0 war axe
rCold   . . .      Faith    .    c - +0 buckler
rNeg    . . .      Spirit   .    b - +0 scale mail
rPois   .          Reflect  .    (helmet restricted)
rElec   .          Harm     .    (no cloak)
rCorr   .          Rampage  .    (no gloves)
Will    .....                    (no boots) Stlth
                                 (no amulet)
HPRegen 0.25/turn                (no ring)
MPRegen 0.08/turn                (no ring)

@: lethally poisoned (0 -> -2)
A: horns 2, retaliatory headbutt
a: no special abilities


You were on level 2 of the Dungeon.
You visited 1 branch of the dungeon, and saw 2 of its levels.

You collected 67 gold pieces.

Inventory:

Hand Weapons
 a - a +0 war axe (weapon)
Missiles
 i - a throwing net (quivered)
Armour
 b - a +0 scale mail (worn)
 c - a +0 buckler (worn)
Jewellery
 f - a ring of protection from fire
Scrolls
 e - a scroll of brand weapon {unknown}
Potions
 d - 2 potions of might
 g - 2 potions of haste {unknown}
 h - a potion of flight {unknown}
 j - a potion of berserk rage {unknown}


   Skills:
 * Level 4.2 Fighting
 * Level 3.2 Axes
 + Level 3.9 Armour
 + Level 4.0 Shields


You had 2 spell levels left.
You didn't know any spells.
Your spell library contained the following spells:

 Spells                   Type           Power      Damage    Failure   Level
 Ensorcelled Hibernation  Hex/Ice        0%         N/A       95%         2
 Hailstorm                Conj/Ice       0%         3d3       99%         3
 Olgreb's Toxic Radiance  Pois           0%         N/A       100%        4
 Summon Forest            Summ/Tloc      0%         N/A       100%        5
 Summon Mana Viper        Hex/Summ       0%         N/A       100%        5
 Summon Cactus Giant      Summ           0%         N/A       100%        6
 Ozocubu's Refrigeration  Ice            0%         4d7       100%        7


Dungeon Overview and Level Annotations

Branches:
Dungeon (2/15)

Altars:

Annotations:
D:2 Sigmund


Innate Abilities, Weirdness & Mutations

You have a pair of horns on your head.
You reflexively headbutt those who attack you in melee.


Message History

Found a smoky inky potion.
You slash the ball python!
You kill the ball python!
j - a smoky inky potion
Found a stone staircase leading down.
Found a stone staircase leading up.
Found 5 stones.
Sigmund the Dreaded comes into view.
He is wielding a +2 scythe of venom.
Sigmund shouts!
Sigmund breathes a few words.
Sigmund's hands start flickering wildly.
Sigmund points at you and mumbles some strange words.
You are confused.
You bump into the rock wall.
Sigmund barely misses you.
Sigmund hits you with a +2 scythe of venom.
You are poisoned.
You feel sick. Sigmund barely misses you.
Found 12 gold pieces.
You feel less confused.
You feel sick.
You feel sick.
Sigmund hits you with a +2 scythe of venom!
You are more poisoned.
You closely miss Sigmund.
You feel very sick. You block Sigmund's attack.
You closely miss Sigmund. Your headbutt misses Sigmund.
You feel very sick. Sigmund closely misses you.
You closely miss Sigmund.
You feel sick.
Sigmund hits you with a +2 scythe of venom.
You hit Sigmund but do no damage.
You feel sick.
Sigmund points at you and mumbles some strange words.
The puff of flame hits you.
* * * LOW HITPOINT WARNING * * *
You barely miss Sigmund. You headbutt Sigmund!
Sigmund is moderately wounded.
You feel sick.
Sigmund hits you with a +2 scythe of venom!
You die...

#$# #.# ... #.# #.#
#.# #.######
##.@....###
#..@###...#######
#...# #.........#
..###...###.#.#####.#
#............#.#
.####$....####.#
##...## #.#
#.(######.# .#
#.........#####.#


You could see Sigmund.

Vanquished Creatures
  A dart slug (D:1)
  4 bats (D:1)
  2 endoplasms (D:1)
  2 giant cockroaches (D:1)
  7 goblins (D:1)
  A hobgoblin (D:1)
  4 jackals (D:1)
  4 kobolds (D:1)
  A quokka (D:1)
  4 ball pythons
  4 rats (D:1)
34 creatures vanquished.

Notes
Turn   | Place    | Note
-------+----------+-------------------------------------------
     0 | D:1      | bmack86 the Minotaur Fighter began the quest for the Orb.
     0 | D:1      | Reached XP level 1. HP: 19/19 MP: 0/0
   184 | D:1      | Reached XP level 2. HP: 24/27 MP: 1/1
   613 | D:1      | Got Sif Muna's Guidebook on Toxic Freezing
   644 | D:1      | Reached XP level 3. HP: 30/33 MP: 2/2
  1007 | D:2      | Noticed Sigmund
  1020 | D:2      | Slain by Sigmund

Illustrated notes

Levels and vault maps discovered:
D:1:      nzn_arrival_crosshair, layout_basic, minmay_misc_feat_more_columns,
          minmay_unequal
D:2:      layout_loops_corners, grunt_decor_cap, uniq_jessica, uniq_sigmund,
          uniq_crazy_yiuf_cottage

Skill      XL: |  1  2 |
---------------+-------+-----
Fighting       | 4 |  4.2
Axes           | 3 |  3.2
Shields        | 4 |  4.0
Armour         | |  3.9

Action                   || total
-------------------------++-------
Melee: War axe           ||    57
       Headbutt          ||     6
  Use: Scroll            ||     1
Armor: Scale mail        ||    34
Dodge: Dodged            ||    27
Block: Buckler           ||    15

Table legend: (Time is in decaauts)
 A = Elapsed time spent in this place.
 B = Non-inter-level travel time spent in this place.
 C = Inter-level travel time spent in this place.
 D = Time resting spent in this place.
 E = Time spent auto-exploring this place.
 F = Levels seen in this place.
 G = Mean time per level.
                   A        B        C        D        E       F      G
               +--------+--------+--------+--------+--------+-----+--------+
         Total |   1041 |   1018 |     23 |      0 |    752 |   2 |  520.5 |
       Dungeon |   1041 |   1018 |     23 |      0 |    752 |   2 |  520.5 |
               +--------+--------+--------+--------+--------+-----+--------+

Top non-repeatable levels by time:
     D:1: 897 daAuts
     D:2: 144 daAuts
